Map: Romanticide LE

Players

TIME (Oliveira)

  • Race: Terran Terran
  • League: Grandmaster

SpeCial - Winner!

  • Race: Terran Terran
  • League: Master

Event: TSL 7

VOD

Have the link to the VOD?

Description

Time

  • Played on: June 19, 2021, 12:40 p.m.
  • Length: 8:23

All games in this series

Show
View Real Time Build Order
Export as new Build Order

TIME Terran 

Build Orders:  

Get SALT Encoding   

  12  0:00  SCV  
  13  0:12  SCV  
  14  0:17  Supply Depot  
  14  0:25  SCV  
  15  0:39  SCV  
  15  0:40  Barracks  
  16  0:44  Refinery  
  16  0:51  SCV  
  16  0:55  Refinery  
  17  1:03  SCV  
  18  1:15  SCV  
  19  1:28  Reaper, Orbital Command  
  19  1:29  Supply Depot  
  20  1:43  Factory  
  20  1:54  SCV  
  21  2:00  Reaper  
  22  2:06  SCV  
  23  2:18  SCV  
  23  2:22  Command Center  
  24  2:27  Hellion  
  26  2:31  SCV  
  26  2:32  Barracks Reactor  
  27  2:40  Starport  
  27  2:43  SCV  
  28  2:49  Supply Depot  
  28  2:52  Widow Mine  
  28  2:56  SCV  
  31  3:10  SCV, Marine x2  
  34  3:15  Factory Tech Lab  
  34  3:22  SCV  
  35  3:29  Marine x2  
  35  3:32  Refinery  
  37  3:35  Orbital Command  
  37  3:36  SCV  
  37  3:38  Factory Tech Lab, Raven  
  40  3:48  SCV, Marine x2  
  43  3:57  Siege Tank  
  43  4:01  SCV x2  
  50  4:12  Supply Depot  
  50  4:13  SCV x2  
  52  4:21  Barracks  
  50  4:25  SCV x2  
  50  4:30  Starport Reactor  
  50  4:31  Barracks  
  52  4:32  Marine  
  52  4:33  Stimpack  
  52  4:34  Siege Tank  
  52  4:37  Supply Depot  
  56  4:41  SCV x2  
  57  4:53  SCV x2  
  58  5:05  SCV x2, Engineering Bay  
  60  5:09  Marine x2, Viking x2  
  60  5:10  Marine  
  66  5:17  SCV x2  
  62  5:38  SCV x2  
  62  5:39  Medivac x2  
  62  5:40  Marine x2  
  62  5:41  Marine x2  
  62  5:42  Terran Infantry Weapons Level 1  
  67  5:44  Siege Tank  
  67  5:47  Supply Depot  
  70  5:56  Supply Depot  
  70  6:03  SCV x2, Marine  
  69  6:04  Marine  
  69  6:09  Marine  
  71  6:12  Marine  
  71  6:15  SCV  
  71  6:16  Siege Tank  
  75  6:19  Medivac  
  75  6:21  SCV  
  75  6:24  Marine x2  
  75  6:25  Supply Depot  
  80  6:27  SCV  
  80  6:29  Marine  
  80  6:30  Combat Shield  
  80  6:31  Marine  
  83  6:33  SCV  
  83  6:42  Marine, Medivac  
  83  6:46  SCV, Marine  
  88  6:48  Supply Depot  
  88  6:49  Supply Depot  
  88  6:52  Marine  
  79  6:56  Marine  
  79  7:08  Marine x2  
  72  7:09  SCV  
  72  7:10  SCV  
  72  7:11  Marine  
  72  7:13  Siege Tank  
  72  7:14  Marine  
  78  7:23  Command Center  
  78  7:24  Refinery  
  78  7:26  Marine  
  79  7:32  Marine  
  79  7:36  SCV  
  80  7:40  SCV  
  80  7:43  Medivac x2  
  85  7:45  Barracks Tech Lab  
  85  7:48  SCV  
  85  7:49  Marine  
  87  7:52  SCV  
  87  7:53  Marine  
  87  7:55  Marine  
  93  8:00  SCV  
  93  8:04  SCV  
Show
View Real Time Build Order
Export as new Build Order

SpeCial Terran - Winner!

Build Orders: Gas First Reaper Expand, Mech, Banshee Rush 

Get SALT Encoding   

  12  0:00  SCV  
  13  0:12  SCV  
  14  0:16  Supply Depot  
  14  0:24  SCV  
  15  0:28  Refinery  
  15  0:38  SCV  
  16  0:44  Barracks  
  16  0:50  SCV  
  17  1:02  SCV  
  18  1:14  SCV  
  19  1:31  Reaper, Orbital Command  
  20  1:41  Command Center  
  20  1:51  Factory  
  20  1:57  SCV  
  21  2:02  Supply Depot  
  21  2:05  Marine  
  22  2:09  SCV  
  22  2:13  Refinery  
  23  2:23  Marine  
  23  2:24  SCV  
  25  2:35  Hellion  
  25  2:36  SCV  
  28  2:37  Starport  
  28  2:41  Marine  
  29  2:48  SCV  
  30  2:54  Orbital Command  
  32  2:58  Widow Mine  
  32  3:00  SCV  
  32  3:01  Barracks Tech Lab  
  33  3:12  SCV  
  34  3:18  Refinery  
  34  3:21  Hellion  
  34  3:22  SCV  
  34  3:24  SCV, Banshee  
  41  3:29  Cloaking Field  
  41  3:31  Barracks Tech Lab  
  41  3:36  SCV  
  41  3:37  Supply Depot  
  41  3:39  SCV  
  43  3:50  SCV  
  43  3:51  SCV  
  45  3:59  Cyclone  
  45  4:01  Mag-Field Accelerator  
  45  4:02  SCV, Supply Depot  
  49  4:03  SCV  
  49  4:08  Banshee  
  53  4:14  SCV  
  54  4:23  SCV  
  55  4:27  SCV  
  56  4:35  Supply Depot  
  56  4:36  SCV  
  57  4:38  Command Center  
  57  4:41  Cyclone  
  57  4:44  SCV  
  61  4:48  SCV  
  62  4:56  Banshee, SCV  
  66  5:02  SCV, Hyperflight Rotors  
  67  5:08  SCV  
  68  5:15  SCV  
  68  5:18  Supply Depot  
  68  5:20  SCV  
  70  5:28  Supply Depot  
  70  5:30  Refinery  
  70  5:40  SCV x2, Barracks Tech Lab, Cyclone  
  70  5:42  Factory  
  75  5:45  Supply Depot  
  75  5:46  Factory  
  72  5:50  Banshee  
  72  5:52  SCV  
  72  5:53  SCV  
  77  6:04  SCV  
  75  6:05  SCV  
  75  6:10  Engineering Bay  
  73  6:15  Siege Tank  
  73  6:16  SCV  
  73  6:17  SCV  
  75  6:21  Orbital Command  
  75  6:28  Barracks Reactor, SCV  
  75  6:29  SCV  
  77  6:33  Banshee  
  79  6:40  SCV  
  79  6:41  SCV, Factory Reactor  
  79  6:43  Missile Turret  
  79  6:45  Missile Turret  
  79  6:46  Sensor Tower, Missile Turret  
  81  6:52  SCV  
  81  6:53  SCV  
  81  6:55  Siege Tank x2  
  81  6:56  SCV  
  86  7:04  SCV  
  86  7:05  SCV  
  83  7:08  SCV  
  84  7:15  Banshee  
  84  7:16  SCV  
  84  7:18  SCV  
  84  7:19  Hellion  
  84  7:20  SCV, Hellion  
  94  7:22  Refinery  
  94  7:24  Refinery  
  94  7:27  Siege Tank  
  94  7:28  Missile Turret  
  97  7:33  SCV  
  95  7:41  SCV x2  
  95  7:42  Factory  
  97  7:45  SCV  
  98  7:51  Factory  
  98  7:53  SCV x2  
  98  7:54  Hellion x2  
  98  7:55  Barracks Tech Lab  
  98  7:57  SCV  
  107  8:10  SCV  
Tags
 
Add a new tag
Caveats
  • Supply blocks, unpowered buildings, or Contaminate may cause inaccurate times.
  • Supply counts are checked every 10 seconds.